 Dungeon Crawl Stone Soup version 0.29.1-15-g9cfb28693d (webtiles) character file.

Game seed: 7195950054216430333

29 Ast3rio the Chiller (level 3, 19/19 HPs)
             Began as a Deep Elf Ice Elementalist on Mar 28, 2023.
             Quit the game on level 1 of the Dungeon.
             The game lasted 00:02:08 (928 turns).

Ast3rio the Chiller (Deep Elf Ice Elementalist)      Turns: 928, Time: 00:02:08

Health: 19/19      AC:  2    Str:  7    XL:     3   Next: 1%
Magic:  9/9        EV: 12    Int: 19    God:
Gold:   17         SH:  0    Dex: 15    Spells: 7/8 levels left

rFire   . . .      SeeInvis .   (no weapon)
rCold   . . .      Faith    .   (no shield)
rNeg    . . .      Spirit   .   a - +0 robe
rPois   .          Reflect  .   (no helmet)
rElec   .          Harm     .   (no cloak)
rCorr   .          Rampage  .   (no gloves)
Will    .....                   (no boots)
Stlth   ++........              (no amulet)
HPRegen 0.06/turn               (no ring)
MPRegen 0.11/turn               (no ring)

@: no status effects
A: no striking features
a: no special abilities


You were on level 1 of the Dungeon.
You visited 1 branch of the dungeon, and saw 1 of its levels.

You collected 17 gold pieces.

Inventory:

Armour
 a - a +0 robe (worn)
Potions
 c - a potion of mutation {unknown}
 d - a potion of curing {unknown}
 e - a potion of haste {unknown}


   Skills:
 + Level 2.4 Dodging
 + Level 2.6 Stealth
 + Level 3.4 Spellcasting
 + Level 5.1 Ice Magic


You had 7 spell levels left.
You knew the following spells:

 Your Spells              Type           Power      Damage    Failure   Level
a - Freeze                Ice            88%        1d10      1%          1

Your spell library contained the following spells:

 Spells                   Type           Power      Damage    Failure   Level
 Frozen Ramparts          Ice            44%        1d7       5%          3
 Ozocubu's Armour         Ice            22%        N/A       5%          3
 Static Discharge         Conj/Air       3%         3-4/arc   22%         2
 Hailstorm                Conj/Ice       13%        3d5       45%         4
 Dispel Undead            Necr           3%         3d7       82%         4
 Sticky Flame             Conj/Fire      3%         2d3       82%         4


Dungeon Overview and Level Annotations

Branches:
Dungeon (1/15)

Altars:


Message History

You freeze the kobold!
You kill the kobold!
Welcome back, Ast3rio the Deep Elf Ice Elementalist.
Press ? for a list of commands and other information.
Your magical contamination has completely faded away.
Magic restored.
Key pressed, stopping explore.
HP restored.
A goblin comes into view. It is wielding a +0 dagger.
Found a stone staircase leading down.
A goblin is nearby!
The goblin shouts!
A goblin comes into view. It is wielding a +0 dagger.
You see here 12 gold pieces.
Found a robe.
You freeze the goblin.
The goblin is severely wounded.
An endoplasm comes into view.
The goblin hits you with a +0 dagger.
You freeze the goblin.
You kill the goblin!
The endoplasm quivers.
You freeze the goblin.
You kill the goblin!
You can't see any susceptible monsters within range! (Use Z to cast anyway.)
An endoplasm is nearby!
Things that are here:
a +0 dagger; a +0 dagger You freeze the endoplasm!
You kill the endoplasm!
You have reached level 3!
Your experience leads to an increase in your attributes!
Increase (S)trength, (I)ntelligence, or (D)exterity?
You feel stronger. x2
Things that are here:
a +0 dagger; a +0 dagger You now have 17 gold pieces (gained 12).
A quokka is nearby!
A quokka is nearby!
Are you sure you want to abandon this character and quit the game? (Confirm with "yes".)

#. #.#.# #.#.# #########
######.#.##....#....P
#............Pr~~~~.~~
#.........##P~~.~~.~~~♣
#............~~P≈~~~.~.
.##.......[@##.~~~~~~~~.~
.....>..).......~~~~.~...
.##.......>......~~.~.~~♣
#..............÷...♣ ..#
#[.............#.#.##..###
#########......)...#....#P
#..#....#..##.#.PP~
#..##....##..#..~~♣
#..#......#..#†~P♣


You could see a quokka (wandering).

Vanquished Creatures
  A dart slug (D:1)
  3 ball pythons (D:1)
  A bat (D:1)
  5 endoplasms (D:1)
  2 giant cockroaches (D:1)
  3 goblins (D:1)
  2 hobgoblins (D:1)
  A frilled lizard (D:1)
  3 kobolds (D:1)
  4 rats (D:1)
25 creatures vanquished.

Vanquished Creatures (others)
  25 plants (D:1)
25 creatures vanquished.

Grand Total: 50 creatures vanquished

Notes
Turn   | Place    | Note
-------+----------+-------------------------------------------
     0 | D:1      | Ast3rio the Deep Elf Ice Elementalist began the quest for
                  | the Orb.
     0 | D:1      | Reached XP level 1. HP: 10/10 MP: 6/6
   300 | D:1      | Reached XP level 2. HP: 7/15 MP: 5/8
   547 | D:1      | Reached skill level 5 in Ice Magic
   872 | D:1      | Reached XP level 3. HP: 16/19 MP: 4/9
   928 | D:1      | Quit the game

Illustrated notes

Levels and vault maps discovered:
D:1:      nzn_arrival_crosshair, layout_basic, serial_bayou,
          serial_bayou_lagoon_a, serial_bayou_pond_b, serial_bayou_shore_a,
          serial_bayou_pond_c, serial_bayou_pond_d,
          chequers_serial_rivers_large_b, minivault_4, minivault_4, st_stairs_3,
          minmay_misc_feat_iff

Skill      XL: |  1  2 |
---------------+-------+-----
Ice Magic      | 5 |  5.1
Dodging        | |  2.4
Stealth        | |  2.6
Spellcasting   | |  3.4

Action                   || total
-------------------------++-------
Melee: Unarmed           ||    16
 Cast: Freeze            ||    36
  Use: Potion            ||     1
Armor: Robe              ||     3
Dodge: Dodged            ||    11
